 Dungeon Crawl Stone Soup version 0.27-a0-1202-ge72e491 (webtiles) character file.

Game seed: 6836913298144411646

46 Meow the Chiller (level 3, 6/26 HPs)
             Began as a Ghoul Ice Elementalist on June 1, 2021.
             Quit the game on level 2 of the Dungeon.
             The game lasted 00:03:44 (750 turns).

Meow the Chiller (Ghoul Ice Elementalist)            Turns: 750, Time: 00:03:45

Health: 6/26       AC:  2    Str: 11    XL:     3   Next: 66%
Magic:  1/5        EV: 12    Int: 11    God:
Gold:   21         SH:  0    Dex:  9    Spells: 3/7 levels left

rFire    . . .     SeeInvis .   (no weapon)
rCold    + . .     Faith    .   (no shield)
rNeg     + + +     Spirit   .   a - +0 robe
rPois    ∞         Reflect  .   (no helmet)
rElec    .         Harm     .   (no cloak)
rCorr    .         Rampage  .   (no gloves)
Will     .....                  (no boots)
Stlth    ++........             (no amulet)
HPRegen  0.08/turn              (no ring)
MPRegen  0.09/turn              (no ring)

@: no status effects
A: claws 1, cold resistance 1, negative energy resistance 3, inhibited
regeneration, torment resistance 2
a: no special abilities


You were on level 2 of the Dungeon.
You visited 1 branch of the dungeon, and saw 2 of its levels.

You collected 21 gold pieces.

Inventory:

Armour
 a - a +0 robe (worn)
Scrolls
 d - a scroll of magic mapping {unknown}
Potions
 b - a potion of flight {unknown}
 c - a potion of lignification {unknown}


   Skills:
 - Level 1.7 Dodging
 - Level 2.1 Stealth
 + Level 2.6 Spellcasting
 + Level 5.1 Ice Magic


You had 3 spell levels left.
You knew the following spells:

 Your Spells              Type           Power      Damage    Failure   Level
a - Freeze                Ice            48%        1d7       3%          1
f - Frozen Ramparts       Ice            24%        1d4       10%         3

Your spell library contained the following spells:

 Spells                   Type           Power      Damage    Failure   Level
 Ozocubu's Armour         Ice            12%        N/A       10%         3
 Hailstorm                Conj/Ice       7%         3d4       67%         4
 Metabolic Englaciation   Hex/Ice        3%         N/A       95%         5


Dungeon Overview and Level Annotations

Branches:
Dungeon (2/15)

Altars:


Innate Abilities, Weirdness & Mutations

You thrive by killing the living.
You are immune to poison.
You have sharp fingernails.
Your flesh is cold resistant. (rC+)
You are immune to negative energy. (rN+++)
You do not regenerate when monsters are visible.
You are immune to unholy pain and torment.


Message History

A worm is nearby!
Casting: Freeze (safe; 3% risk of failure)
Confirm with . or Enter, or press ? or * to list all spells.
Aiming: Freeze (safe; 3% risk of failure)
Press: ? - help, Shift-Dir - straight line, f - worm
Aim: a worm You freeze the worm.
The worm is lightly wounded.
The worm bites you.
Unknown command.
Casting: Freeze (safe; 3% risk of failure)
Confirm with . or Enter, or press ? or * to list all spells.
Aiming: Freeze (safe; 3% risk of failure)
Press: ? - help, Shift-Dir - straight line, f/p - worm
Aim: a worm (lightly wounded)
You freeze the worm.
The worm is lightly wounded.
Unknown command.
You scratch the worm.
The worm is moderately wounded.
The worm bites you.
Unknown command.
You barely miss the worm.
The worm is moderately wounded.
You barely miss the worm.
The worm is moderately wounded.
The worm barely misses you.
You scratch the worm.
The worm is heavily wounded.
The worm bites you!
* * * LOW HITPOINT WARNING * * *
You scratch the worm.
The worm is heavily wounded.
You scratch the worm.
The worm is almost dead.
The worm closely misses you.
You scratch the worm.
You kill the worm!
You see here a worm corpse.
Are you sure you want to abandon this character and quit the game? (Confirm with "yes".)

#.... #.... #.... #...w
####### #... #.....#
#=..#######.###.#######+##
#.......>†................
#...###..##.#.#)##########
#... #..@................
#### #.#.###.######.#####
#.#.....# #.......
#.####### #.....## #.#
#.###.# #.. #.....#
#######


There were no monsters in sight!

Vanquished Creatures
  3 adders (D:2)
  A worm (D:2)
  A ball python (D:2)
  A giant cockroach (D:2)
  A goblin (D:2)
  2 hobgoblins (D:2)
  3 jackals (D:2)
  A bat (D:2)
  A frilled lizard (D:2)
  3 rats (D:2)
17 creatures vanquished.

Notes
Turn   | Place    | Note
-------+----------+-------------------------------------------
     0 | D:1      | Meow the Ghoul Ice Elementalist began the quest for the
                  | Orb.
     0 | D:1      | Reached XP level 1. HP: 14/14 MP: 2/2
   263 | D:2      | Reached XP level 2. HP: 20/20 MP: 0/4
   361 | D:2      | Reached XP level 3. HP: 11/26 MP: 0/5
   365 | D:2      | Learned a level 3 spell: Frozen Ramparts
   566 | D:2      | Reached skill level 5 in Ice Magic
   750 | D:2      | Quit the game

Illustrated notes

Levels and vault maps discovered:
D:1:      dpeg_arrival_line_fractal, layout_loops_ring, serial_glass,
          glass_columns_c, glass_columns_a, ebering_ecumenical_altar_mist,
          minmay_tree_intersection, minmay_heptomino_o4
D:2:      layout_basic, kennysheep_nondescript

Skill      XL: |  1  2  3 |
---------------+----------+-----
Spellcasting   | 2 |  2.6
Ice Magic      | 5 |  5.1
Dodging        | |  1.7
Stealth        | |  2.1

Action                   || total
-------------------------++-------
Melee: Unarmed           ||    32
 Cast: Freeze            ||    28
       Frozen Ramparts   ||     1
Armor: Robe              ||     9
Dodge: Dodged            ||    34

Table legend: (Time is in decaauts)
 A = Elapsed time spent in this place.
 B = Non-inter-level travel time spent in this place.
 C = Inter-level travel time spent in this place.
 D = Time resting spent in this place.
 E = Time spent auto-exploring this place.
 F = Levels seen in this place.
 G = Mean time per level.
                   A        B        C        D        E       F      G
               +--------+--------+--------+--------+--------+-----+--------+
         Total |    749 |    749 |      0 |    353 |    160 |   2 |  374.5 |
       Dungeon |    749 |    749 |      0 |    353 |    160 |   2 |  374.5 |
               +--------+--------+--------+--------+--------+-----+--------+

Top non-repeatable levels by time:
     D:2: 657 daAuts
     D:1: 92 daAuts
